 Dungeon Crawl Stone Soup version 0.16-a0-4023-g001212b (console) character file.

2282 Monkaria the Carver (level 9, 0/74 HPs)
             Began as a Minotaur Chaos Knight on Feb 18, 2015.
             Slain by a yak (4 damage)
             ... on level 8 of the Dungeon.
             The game lasted 00:22:47 (7284 turns).

Monkaria the Carver (Minotaur Chaos Knight)         Turns: 7284, Time: 00:22:48

Health: 0/74       AC: 12    Str: 18    XL:     9   Next: 16%
Magic:  4/4        EV: 10    Int: 13    God:    Xom [.*....]
Gold:   464        SH:  0    Dex: 16    Spells: 0 memorised, 8 levels left

rFire  . . .     SeeInvis .     a - +0 falchion (chaos)
rCold  + . .     Clarity  +     v - +3 scale mail {rC+}
rNeg   . . .     SustAb   .     (no shield)
rPois  .         Gourm    .     (helmet restricted)
rElec  .         Spirit   .     (no cloak)
rCorr  .         Warding  .     z - +0 pair of gloves
rMut   .         Stasis   .     (no boots)
MR     ++...                    (no amulet)
Stlth  ..........               w - ring of protection from magic
                                s - ring of protection from magic

@: drained, very resistant to hostile enchantments, extremely unstealthy
A: retaliatory headbutt, beak, horns 2, talons 1, agile 2, breathe flames 1,
clarity, clever 2, spit poison 3, wild magic 2
a: Spit Poison, Renounce Religion, Breathe Fire


You were on level 8 of the Dungeon.
You worshipped Xom.
You were a plaything of Xom.
You were not hungry.

You visited 2 branches of the dungeon, and saw 9 of its levels.

You collected 464 gold pieces.

Inventory:

Hand weapons
 a - a +0 falchion of chaos (weapon)
 C - the +9 hand axe of Forced Transition {venom, +Fly rPois rC- Int+2}
   (You found it on level 5 of the Dungeon)

   It poisons the flesh of those it strikes.
   It affects your intelligence (+2).
   It makes you vulnerable to cold.
   It protects you from poison.
   It lets you fly.
 O - a +1 mace of chaos
 R - a +1 morningstar of freezing
 S - a +0 scimitar
Missiles
 k - 4 tomahawks (quivered)
Armour
 v - a +3 scale mail of cold resistance (worn)
 z - a +0 pair of gloves (worn)
 L - the -4 robe of Bedevilment {rElec Slay+4 Stlth-}
   (You found it on level 6 of the Dungeon)

   It affects your accuracy and damage with ranged weapons and melee attacks
   (+4).
   It insulates you from electricity.
   It makes you less stealthy.
Jewellery
 s - a ring of protection from magic (left hand)
 w - a ring of protection from magic (right hand)
 M - an uncursed amulet of faith
 N - an uncursed ring of fire
Magical devices
 b - a wand of cold (8)
 p - a wand of disintegration (16)
 A - a wand of heal wounds (7)
 F - a wand of digging (15)
 P - a wand of frost (19)
Scrolls
 d - 2 scrolls of blinking
 e - a scroll of fog {unknown}
 h - 3 scrolls of fear
 t - 2 scrolls of amnesia
 B - 3 scrolls of identify
 D - 2 scrolls of immolation {unknown}
 H - 3 scrolls of remove curse
 K - 2 scrolls of enchant weapon {unknown}
Potions
 f - a potion of restore abilities
 g - 2 potions of magic {unknown}
 j - a potion of heal wounds
 n - a potion of might
 q - a potion of cancellation
 r - 5 potions of agility
 u - a potion of berserk rage {unknown}
 x - 2 potions of poison {unknown}
 E - a potion of cure mutation {unknown}
 J - 2 potions of mutation {unknown}
 Q - a potion of lignification {unknown}
Books
 G - a book of Ice

   Spells                             Type                      Level
   a - Ice Form                       Ice/Transmutation            4
   b - Metabolic Englaciation         Hexes/Ice                    5
   c - Ozocubu's Refrigeration        Ice                          6
   d - Bolt of Cold                   Conjuration/Ice              6
   e - Freezing Cloud                 Conjuration/Ice/Air          6
   f - Simulacrum                     Ice/Necromancy               6
 I - a book of Party Tricks

   Spells                             Type                      Level
   a - Summon Butterflies             Summoning                    1
   b - Apportation                    Translocation                1
   c - Tukima's Dance                 Hexes                        3
   d - Alistair's Intoxication        Transmutation/Poison         4
   e - Invisibility                   Hexes                        6
Miscellaneous
 y - a lantern of shadows
Comestibles
 c - 5 bread rations
 i - 3 meat rations
 l - 2 slices of pizza
 m - 8 fruits
 o - a beef jerky
 T - 4 chunks of flesh


   Skills:
 - Level 5.3(4.9) Fighting
 - Level 11.1(10.6) Long Blades
 + Level 9.4(8.9) Armour
 - Level 1.1(0.7) Dodging


You had 8 spell levels left.
You didn't know any spells.

Dungeon Overview and Level Annotations

Branches:
Dungeon (8/15)             Temple (1/1) D:5            Lair (0/8) D:8

Altars:
Ashenzari
Cheibriados
Dithmenos
Elyvilon
Fedhas
Gozag
Kikubaaqudgha
Makhleb
Nemelex Xobeh
Okawaru
Qazlal
Ru
Sif Muna
Trog
Vehumet
Xom
Yredelemnul
Zin
The Shining One


Innate Abilities, Weirdness & Mutations

You reflexively headbutt those who attack you in melee.
You have a pair of horns on your head.
You have a beak for a mouth.
You have sharp toenails.
You are very agile. (Dex +4)
You can breathe flames.
You possess an exceptional clarity of mind.
Your mind is very acute. (Int +4)
You can spit strong poison.
Your spells are harder to cast, but more powerful.


Message History

Press: ? - help, v - describe, . - travel
Here: a yak (heavily wounded, berserk, fast, unusually strong)
The floor.
Unknown command.
Drink which item? (? for menu, Esc to quit)
Okay, then.
You hit the yak. You freeze the yak. You claw the yak, but do no damage.
You headbutt the yak. Your peck misses the yak.
The yak is severely wounded.
The yak gores you!
The hippogriff bites the yak.
The hippogriff pecks the yak.
The hippogriff closely misses the yak.
The yak gores you but does no damage. The yak gores you!
* * * LOW HITPOINT WARNING * * *
The yak gores you but does no damage. The yak gores you!
* * * LOW HITPOINT WARNING * * *
You emit a cloud of colourful smoke!
The yak gores you.
You die...
Xom guffaws!

#...................
#....##.[..........
#....................#
####.#.##.#####.##...#
#########.#)##.####. ##...##
#.......#r.......... #.....
#........YH.#..###.####...##
#.......#.YY#..#............
#.......#.Y@§..#...<........
#.......#.§##..#............
#.......#..##..#.#.####...##
#..................# #....)
#######.###.####.### #...##
#.###.####.# #...#
#..........# #...#
#####.###### #...# #......#
....##


You could see 4 yaks, a hippogriff (confused) and a rat.

Vanquished Creatures
  Prince Ribbit (D:4)
  The ghost of UristMcMason the Gusty, an average TeAE of Vehumet (D:4)
  Edmund (D:5)
  2 centaurs
  3 ogres
  3 giant frogs
  A water moccasin skeleton (D:6)
  3 scorpions
  5 wights (D:8)
  2 crimson imps
  A hound (D:4)
  A jelly (D:7)
  A wasp zombie (D:4)
  3 iguanas
  3 orc wizards
  2 orc priests
  A giant frog skeleton (D:8)
  3 worker ants
  Ijyb (D:2)
  4 adders
  11 gnolls
  A worm (D:2)
  An adder skeleton (D:4)
  6 giant geckos
  2 oozes
  28 orcs
  2 ball pythons (D:4)
  8 giant cockroaches
  9 goblins
  11 hobgoblins
  14 jackals
  5 quokkas
  8 bats
  13 giant newts
  10 kobolds
  A quokka skeleton (D:4)
  9 rats
181 creatures vanquished.

Vanquished Creatures (collateral kills)
  An orc (D:6)
1 creature vanquished.

Vanquished Creatures (others)
  A rat zombie (D:4)
1 creature vanquished.

Grand Total: 183 creatures vanquished

Notes
Turn   | Place    | Note
--------------------------------------------------------------
     0 | D:1      | Monkaria, the Minotaur Chaos Knight, began the quest for the Orb.
     0 | D:1      | Reached XP level 1. HP: 19/19 MP: 1/1
    40 | D:1      | XOM: silly message
    45 | D:1      | Reached skill level 4 in Fighting
    59 | D:1      | Reached XP level 2. HP: 13/27 MP: 1/1
   540 | D:1      | Reached skill level 5 in Fighting
   572 | D:1      | Reached XP level 3. HP: 36/36 MP: 2/2
   663 | D:1      | XOM: divination: magic mapping
   694 | D:1      | XOM: divination: detect creatures
   775 | D:1      | XOM: give mutations
   775 | D:1      | Gained mutation: Your spells are a little harder to cast, but a little more powerful. [Xom's grace]
   775 | D:1      | Gained mutation: You are agile. (Dex +2) [Xom's grace]
   775 | D:1      | Gained mutation: You can spit poison. [Xom's grace]
   775 | D:1      | Gained mutation: You are very agile. (Dex +4) [Xom's grace]
  1100 | D:2      | Found a shattered altar of Ashenzari.
  1101 | D:2      | Found a sparkling altar of Nemelex Xobeh.
  1120 | D:2      | Found a glowing silver altar of Zin.
  1120 | D:2      | XOM: god gift: robe {god gift}
  1121 | D:2      | Found an opulent altar of Gozag.
  1122 | D:2      | Found a white marble altar of Elyvilon.
  1275 | D:2      | Noticed Ijyb
  1283 | D:2      | Killed Ijyb
  1284 | D:2      | Reached XP level 4. HP: 42/42 MP: 2/2
  1481 | D:2      | XOM: give mutations
  1481 | D:2      | Gained mutation: Your mind is acute. (Int +2) [Xom's grace]
  1481 | D:2      | Gained mutation: You have sharp toenails. [Xom's grace]
  1481 | D:2      | Gained mutation: Your mind is very acute. (Int +4) [Xom's grace]
  1487 | D:2      | You fall through a shaft for 2 floors!
  1503 | D:3      | XOM: 1-stop teleportation journey
  1562 | D:3      | XOM: give mutations
  1562 | D:3      | Gained mutation: You can spit moderately strong poison. [Xom's grace]
  1562 | D:3      | Gained mutation: You can breathe flames. [Xom's grace]
  1721 | D:3      | XOM: vitrification
  1806 | D:3      | Reached skill level 5 in Long Blades
  2486 | D:2      | XOM: give mutations
  2486 | D:2      | Gained mutation: You can spit strong poison. [Xom's grace]
  2486 | D:2      | Gained mutation: Your spells are harder to cast, but more powerful. [Xom's grace]
  2574 | D:4      | Reached XP level 5. HP: 33/48 MP: 2/2
  2620 | D:4      | Reached skill level 6 in Long Blades
  3003 | D:4      | Noticed UristMcMason's ghost (average TeAE)
  3014 | D:4      | Killed UristMcMason's ghost
  3014 | D:4      | Reached skill level 7 in Long Blades
  3014 | D:4      | Reached XP level 6. HP: 29/56 MP: 3/3
  3064 | D:4      | XOM: god gift: lantern of shadows
  3134 | D:4      | Found a sacrificial altar of Ru.
  3138 | D:4      | Reached skill level 8 in Long Blades
  3146 | D:4      | Noticed a giant frog
  3152 | D:4      | Killed a giant frog
  3242 | D:4      | XOM: god gift: pair of gloves {god gift}
  3290 | D:4      | Noticed Prince Ribbit
  3442 | D:4      | XOM: scenery: create altars
  3478 | D:4      | XOM: smoke on damage
  3483 | D:4      | Reached skill level 9 in Long Blades
  3483 | D:4      | Reached XP level 7. HP: 19/61 MP: 3/3
  4076 | D:4      | Killed Prince Ribbit
  4076 | D:4      | Reached skill level 10 in Long Blades
  4102 | D:4      | XOM: noise
  4233 | D:4      | XOM: colour smoke trail
  4270 | D:5      | Entered Level 5 of the Dungeon
  4423 | D:5      | Found an iron altar of Okawaru.
  4445 | D:5      | Found a staircase to the Ecumenical Temple.
  4548 | D:5      | XOM: divination: magic mapping
  4576 | D:5      | Noticed Edmund
  4581 | D:5      | XOM: summons friendly quasit
  4583 | D:5      | Killed Edmund
  4583 | D:5      | Reached XP level 8. HP: 51/68 MP: 3/3
  4625 | D:5      | Found a shimmering altar of Xom.
  4627 | D:5      | Reached skill level 11 in Long Blades
  4773 | D:5      | Got a brightly glowing hand axe
  4774 | D:5      | Identified the +9 hand axe of Forced Transition {venom, +Fly rPois rC- Int+2} (You found it on level 5 of the Dungeon)
  5087 | D:5      | XOM: scenery: 1 doors close
  5355 | Temple   | Entered the Ecumenical Temple
  5579 | D:6      | XOM: summons friendly white imp
  5602 | D:6      | XOM: god gift: 20 stones
  5603 | D:6      | Reached skill level 5 in Armour
  5618 | D:6      | Found a stormy altar of Qazlal.
  5625 | D:6      | XOM: 6-stop teleportation journey
  5641 | D:6      | XOM: 2-stop teleportation journey
  5729 | D:6      | XOM: vitrification
  5878 | D:6      | Got a faintly glowing robe
  5899 | D:6      | Identified the -4 robe of Bedevilment {rElec Slay+4 Stlth-} (You found it on level 6 of the Dungeon)
  6077 | D:7      | XOM: fog
  6390 | D:7      | XOM: give mutations
  6390 | D:7      | Gained mutation: You have a beak for a mouth. [Xom's grace]
  6390 | D:7      | Gained mutation: You possess an exceptional clarity of mind. [Xom's grace]
  6542 | D:7      | XOM: scenery: create altars
  6688 | D:7      | XOM: potion effect (brilliance)
  6723 | D:7      | XOM: silly message
  6839 | D:8      | Reached XP level 9. HP: 66/74 MP: 4/4
  6935 | D:8      | XOM: chaos upgrade
  6946 | D:8      | Paralysed by a wight for 6 turns
  6947 | D:8      | XOM: cast spell 'Ice Form'
  7255 | D:8      | Found a staircase to the Lair.
  7258 | D:8      | XOM: god gift: shield {god gift}
  7262 | D:8      | XOM: swap monsters
  7284 | D:8      | XOM: smoke on damage
  7284 | D:8      | Slain by a yak

Action                   |  1- 3 |  4- 6 |  7- 9 || total
-------------------------+-------+-------+-------++-------
Melee: Falchion          |   102 |   117 |   248 ||   467
       Unarmed           |       |       |     9 ||     9
  Use: Scroll            |       |     9 |     2 ||    11
       Potion            |       |       |     1 ||     1
 Stab: Paralysed         |     1 |       |     1 ||     2
       Petrifying        |       |       |     1 ||     1
  Eat: Chunk             |     1 |     7 |    12 ||    20
